 Dungeon Crawl Stone Soup version 0.29-a0-321-gf1c400731a (webtiles) character file.

Game seed: 16262237572457650081

39 zishaf the Sneak (level 3, -1/19 HPs)
             Began as a Vine Stalker Brigand on Apr 4, 2022.
             Succumbed to an adder's poison
             ... on level 2 of the Dungeon.
             The game lasted 00:01:30 (1366 turns).

zishaf the Sneak (Vine Stalker Brigand)             Turns: 1366, Time: 00:01:31

Health: -1/19      AC:  3    Str: 12 (15) XL:     3   Next: 47%
Magic:  0/4        EV: 11    Int: 14 (17) God:
Gold:   12         SH:  0    Dex: 13 (15) Spells: 2/2 levels left

rFire   . . .      SeeInvis .   b - +1 dagger (venom)
rCold   . . .      Faith    .   (no shield)
rNeg    . . .      Spirit   +   g - +0 robe
rPois   .          Reflect  .   (no helmet)
rElec   .          Harm     .   c - +0 cloak
rCorr   .          Rampage  .   (no gloves)
Will    .....                   (no boots)
Stlth   +++.......              (no amulet)
HPRegen 0.06/turn               h - +6 ring of intelligence
MPRegen 0.09/turn               (no ring)

@: lethally poisoned (-1 -> -9)
A: fangs 2, magic shield, antimagic bite, no potion heal 2
a: no special abilities


You were on level 2 of the Dungeon.
You visited 1 branch of the dungeon, and saw 2 of its levels.

You collected 12 gold pieces.

Inventory:

Hand Weapons
 a - a +2 dagger
 b - a +1 dagger of venom (weapon)
Missiles
 d - 9 poisoned darts (quivered)
 e - 3 curare-tipped darts
Armour
 c - a +0 cloak (worn)
 g - a +0 robe (worn)
Jewellery
 h - a +6 ring of intelligence (left hand)
Scrolls
 k - a scroll of fear {unknown}
 n - a scroll of identify {unknown}
Potions
 f - a potion of degeneration
 i - a potion of resistance {unknown}
 j - a potion of curing {unknown}
 l - a potion of lignification {unknown}
 m - 2 potions of heal wounds {unknown}
 o - a potion of cancellation {unknown}


   Skills:
 + Level 2.3 Fighting
 + Level 2.4 Short Blades
 - Level 1.7 Throwing
 - Level 0.7 Dodging
 + Level 5.4 Stealth


You had 2 spell levels left.
You didn't know any spells.
Your spell library was empty.

Dungeon Overview and Level Annotations

Branches:
Dungeon (2/15)

Altars:


Innate Abilities, Weirdness & Mutations

You have extremely sharp teeth.
When hurt, damage is shared between your health and your magic reserves.
Your bite disrupts and absorbs the magic of your enemies.
Potions cannot restore your health.


Message History

You hit the endoplasm.
The endoplasm is almost dead.
The endoplasm freezes you.
You are frozen.
The adder bites you.
You hit the endoplasm.
You kill the endoplasm!
The adder bites you but does no damage.
You hit the adder.
The adder is poisoned.
Your bite misses the adder.
The adder is moderately wounded.
The adder bites you.
You hit the adder but do no damage.
The adder looks as sick as possible!
Your bite misses the adder.
The adder is heavily wounded.
The adder bites you.
You are lethally poisoned!
The adder poisons you!
You are too injured to fight recklessly!
You are too injured to fight recklessly!
You are too injured to fight recklessly!
You are too injured to fight recklessly!
You are too injured to fight recklessly!
You closely miss the adder. You bite the adder, but do no damage.
The adder is heavily wounded.
* * * LOW HITPOINT WARNING * * *
You feel sick. The adder barely misses you.
You hit the adder but do no damage. Your bite misses the adder.
The adder is heavily wounded.
* * * LOW HITPOINT WARNING * * *
You feel sick. The adder bites you.
* * * LOW HITPOINT WARNING * * *
You are more poisoned.
The adder poisons you! The adder misses you.
You hit the adder.
You kill the adder!
* * * LOW HITPOINT WARNING * * *
You feel sick.
It was a potion of degeneration.
There was something very wrong with that liquid.
You feel weakened.
You feel dopey.
You feel clumsy.
You die...

#.# #.# ###.###
#.....#
###.....###
#.........#
#.....#.#
#..@..#.####
###......†.#
......##.##.#
#..###.##.##.#
...
..##.##.#######
##
#####.##........
.....##.#######
#####...#######
...............


There were no monsters in sight!

Vanquished Creatures
  An adder (D:2)
  2 dart slugs (D:1)
  An endoplasm (D:2)
  3 giant cockroaches
  A hobgoblin (D:1)
  3 kobolds (D:1)
  2 quokkas
  6 ball pythons (D:1)
  5 bats (D:1)
  A goblin (D:1)
  2 rats (D:1)
27 creatures vanquished.

Notes
Turn   | Place    | Note
-------+----------+-------------------------------------------
     0 | D:1      | zishaf the Vine Stalker Brigand began the quest for the
                  | Orb.
     0 | D:1      | Reached XP level 1. HP: 11/11 MP: 2/2
   226 | D:1      | Reached skill level 5 in Stealth
   379 | D:1      | Reached XP level 2. HP: 9/15 MP: 3/3
   558 | D:1      | Found a faded altar of an unknown god.
   893 | D:1      | Reached XP level 3. HP: 17/18 MP: 4/4
  1366 | D:2      | Succumbed to an adder's poison

Illustrated notes

Levels and vault maps discovered:
D:1:      dpeg_arrival_simpleton_b, layout_basic, basic_ecumenical_altar
D:2:      kennysheep_the_goblin_king, layout_loops_ring, grunt_ministairs_2,
          uniq_jessica, uniq_robin, uniq_terence

Skill      XL: |  1 |
---------------+----+-----
Short Blades   | 2 |  2.4
Stealth        | 5 |  5.4
Fighting       | 2 |  2.3
Throwing       | |  1.7
Dodging        | |  0.7

Action                   || total
-------------------------++-------
Melee: Dagger            ||    55
       Bite              ||     8
  Use: Potion            ||     1
 Stab: Sleeping          ||    11
Armor: Robe              ||    12
Dodge: Dodged            ||    31

Table legend: (Time is in decaauts)
 A = Elapsed time spent in this place.
 B = Non-inter-level travel time spent in this place.
 C = Inter-level travel time spent in this place.
 D = Time resting spent in this place.
 E = Time spent auto-exploring this place.
 F = Levels seen in this place.
 G = Mean time per level.
                   A        B        C        D        E       F      G
               +--------+--------+--------+--------+--------+-----+--------+
         Total |   1359 |   1278 |     81 |      0 |   1100 |   2 |  679.5 |
       Dungeon |   1359 |   1278 |     81 |      0 |   1100 |   2 |  679.5 |
               +--------+--------+--------+--------+--------+-----+--------+

Top non-repeatable levels by time:
     D:1: 1296 daAuts
     D:2: 62 daAuts
